 Dungeon Crawl Stone Soup version 0.22.0-75-g3901e7991e (webtiles) character file.

815 JedernureinKreuz the Conjurer (level 7, 0/51 HPs)
             Began as a Gnoll Conjurer on Sept 11, 2018.
             Slain by a big kobold
             ... wielding a +0 dagger
              (5 damage)
             ... on level 4 of the Dungeon.
             The game lasted 00:26:38 (4447 turns).

JedernureinKreuz the Conjurer (Gnoll Conjurer)      Turns: 4447, Time: 00:26:38

Health: 0/51       AC:  8    Str: 10    XL:     7   Next: 94%
Magic:  15/15      EV: 13    Int: 20    God:
Gold:   211        SH: 10    Dex: 18    Spells: 9/17 levels left

rFire    + . .     SeeInvis .   b - +4 whip (drain)
rCold    . . .     Gourm    .   i - +2 shield
rNeg     + . .     Faith    .   q - +0 leather armour
rPois    .         Spirit   .   C - +2 hat
rElec    .         Reflect  .   (no cloak)
rCorr    .         Harm     .   v - +2 pair of gloves {Dex+3}
MR       .....                  (no boots)
Stlth    +++.......             (no amulet)
HPRegen  0.17/turn              B - ring of protection from fire
MPRegen  0.14/turn              w - ring of positive energy

@: no status effects
A: distributed training, fangs 1, strong nose
a: no special abilities


You were on level 4 of the Dungeon.
You were hungry.

You visited 2 branches of the dungeon, and saw 6 of its levels.

You collected 211 gold pieces.

Inventory:

Hand Weapons
 a - a +0 short sword
 b - a +4 whip of draining (weapon)
 e - a +0 dagger
 m - a +0 shortbow
 x - a +0 hunting sling
 A - a +0 hunting sling
 D - a +0 hunting sling
Missiles
 s - 25 poisoned needles
 y - 306 stones (quivered)
Armour
 h - a +0 robe
 i - a +2 shield (worn)
 q - a +0 leather armour (worn)
 v - a +2 pair of gloves of dexterity (worn)
 C - a +2 hat (worn)
Jewellery
 w - a ring of positive energy (right hand)
 B - a ring of protection from fire (left hand)
Scrolls
 g - 6 scrolls of teleportation
 o - 2 scrolls of identify
 p - a scroll of remove curse
 E - a scroll of magic mapping {unknown}
Potions
 d - a potion of magic {unknown}
 j - a potion of ambrosia {unknown}
 k - a potion of might {unknown}
 l - 3 potions of invisibility {unknown}
 n - 2 potions of curing
 r - 4 potions of haste {unknown}
 t - a potion of mutation {unknown}
 u - a potion of brilliance {unknown}
 z - a potion of heal wounds {unknown}
Comestibles
 c - 10 rations


   Skills:
 + Level 2.7 Fighting
 + Level 2.7 Short Blades
 + Level 2.7 Long Blades
 + Level 2.7 Axes
 + Level 2.7 Maces & Flails
 + Level 2.7 Polearms
 + Level 2.7 Staves
 + Level 2.7 Slings
 + Level 2.7 Bows
 + Level 2.7 Crossbows
 + Level 2.7 Throwing
 + Level 2.7 Armour
 + Level 5.4 Dodging
 + Level 5.0 Stealth
 + Level 2.7 Shields
 + Level 2.7 Unarmed Combat
 + Level 5.7 Spellcasting
 + Level 7.5 Conjurations
 + Level 2.2 Hexes
 + Level 2.2 Charms
 + Level 2.2 Summonings
 + Level 2.2 Necromancy
 + Level 2.2 Translocations
 + Level 2.2 Transmutations
 + Level 2.2 Fire Magic
 + Level 2.2 Ice Magic
 + Level 2.2 Air Magic
 + Level 2.2 Earth Magic
 + Level 2.2 Poison Magic
 + Level 3.0 Invocations
 + Level 2.7 Evocations


You had 9 spell levels left.
You knew the following spells:

 Your Spells              Type           Power        Failure   Level  Hunger
a - Magic Dart            Conj           ####         3%          1    None
b - Iskenderun's Mystic   Conj           #####...     32%         4    ####...
c - Dazzling Spray        Conj/Hex       ####..       28%         3    ##.....

Your spell library contained the following spells:

 Spells                   Type           Power        Failure   Level  Hunger
 Searing Ray              Conj           #####.       4%          2    None
 Beastly Appendage        Tmut           ##....       28%         1    None
 Sticks to Snakes         Tmut           ##......     38%         2    None
 Spider Form              Tmut/Pois      ##........   63%         3    ##.....
 Force Lance              Conj/Tloc      ####....     67%         4    ####...
 Fulminant Prism          Conj/Hex       ####......   67%         4    ####...
 Ice Form                 Ice/Tmut       ##......     95%         4    ####...
 Blade Hands              Tmut           ##........   100%        5    #####..


Dungeon Overview and Level Annotations

Branches:
Dungeon (5/15)             Temple (1/1) D:5

Altars:
Cheibriados
Dithmenos
Elyvilon
Fedhas
Gozag
Makhleb
Nemelex Xobeh
Okawaru
Trog
Uskayaw
Vehumet
Xom
Zin

Shops:
D:4 %

Annotations:
D:3 3 runed doors, Azzok's ghost, amateur DsEE


Innate Abilities, Weirdness & Mutations

Your experience applies equally to all skills.
You have very sharp teeth.
Your uncanny sense of smell can sniff out nearby items.


Message History

You block the gnoll's attack. The big kobold hits you with a dagger.
* * * LOW HITPOINT WARNING * * *
A mysterious force pulls you upwards. The hatch slams shut behind you.
You barely miss the big kobold. You block the big kobold's attack.
You hit the big kobold but do no damage.
The big kobold hits you with a dagger.
* * * LOW HITPOINT WARNING * * *
You completely miss the big kobold. The big kobold hits you with a dagger.
* * * LOW HITPOINT WARNING * * *
You hit the big kobold. You drain the big kobold!
You bite the big kobold, but do no damage.
The big kobold is moderately wounded.
You block the big kobold's attack.
You hit the big kobold. You bite the big kobold.
The big kobold is heavily wounded.
The big kobold hits you but does no damage.
You miss the big kobold.
The big kobold is heavily wounded.
The big kobold hits you with a dagger.
You die...

....##.###..#### #.#
...............# #.#
....P..P.....#.# #.#
.)..##)#.....).###.#
....#..#...........#
....#.[#......)....#
...P####..##.#.###.#
....P.....##.#.###.#
#+........##...K@..#
#.############.#####
#.# #.#
#.############.#
...##..........#
....#.##########
....#.# ..#.#.#
..#.#.#


You could see a big kobold.

Vanquished Creatures
  Sigmund (D:4)
  A big kobold (D:5)
  4 hounds
  A jelly (D:3)
  An orc wizard (D:5)
  Natasha (thrice) (D:3)
  3 gnolls (D:5)
  10 adders
  A shadow imp (D:5)
  10 oozes
  3 dart slugs
  2 worms
  5 leopard geckos
  8 orcs
  4 giant cockroaches
  35 goblins
  27 hobgoblins
  10 jackals
  2 quokkas (D:4)
  9 bats
  2 frilled lizards
  18 kobolds
  A leopard gecko skeleton (D:4)
  5 rats
166 creatures vanquished.

Vanquished Creatures (others)
  A fungus (D:3)
  10 toadstools (D:3)
11 creatures vanquished.

Grand Total: 177 creatures vanquished

Notes
Turn   | Place    | Note
-------+----------+-------------------------------------------
     0 | D:1      | JedernureinKreuz the Gnoll Conjurer began the quest for the
                  | Orb.
     0 | D:1      | Reached XP level 1. HP: 13/13 MP: 6/6
   212 | D:1      | Reached XP level 2. HP: 19/19 MP: 4/7
   608 | D:2      | Reached XP level 3. HP: 21/25 MP: 3/9
   611 | D:2      | Reached skill level 5 in Spellcasting
   730 | D:2      | Reached skill level 1 in Invocations
   909 | D:2      | Reached skill level 1 in Fighting
   909 | D:2      | Reached skill level 1 in Short Blades
   909 | D:2      | Reached skill level 1 in Long Blades
   909 | D:2      | Reached skill level 1 in Axes
   909 | D:2      | Reached skill level 1 in Maces & Flails
   909 | D:2      | Reached skill level 1 in Polearms
   909 | D:2      | Reached skill level 1 in Staves
   909 | D:2      | Reached skill level 1 in Slings
   909 | D:2      | Reached skill level 1 in Bows
   909 | D:2      | Reached skill level 1 in Crossbows
   909 | D:2      | Reached skill level 1 in Throwing
   909 | D:2      | Reached skill level 1 in Armour
   909 | D:2      | Reached skill level 1 in Shields
   909 | D:2      | Reached skill level 1 in Unarmed Combat
   909 | D:2      | Reached skill level 1 in Evocations
   957 | D:2      | Reached XP level 4. HP: 27/32 MP: 2/11
  1230 | D:2      | Found a sparkling altar of Nemelex Xobeh.
  1230 | D:2      | Found a white marble altar of Elyvilon.
  1435 | D:3      | Learned a level 4 spell: Iskenderun's Mystic Blast
  1439 | D:3      | Learned a level 3 spell: Dazzling Spray
  1481 | D:3      | Reached skill level 1 in Hexes
  1481 | D:3      | Reached skill level 1 in Charms
  1481 | D:3      | Reached skill level 1 in Summonings
  1481 | D:3      | Reached skill level 1 in Necromancy
  1481 | D:3      | Reached skill level 1 in Translocations
  1481 | D:3      | Reached skill level 1 in Transmutations
  1481 | D:3      | Reached skill level 1 in Fire Magic
  1481 | D:3      | Reached skill level 1 in Ice Magic
  1481 | D:3      | Reached skill level 1 in Air Magic
  1481 | D:3      | Reached skill level 1 in Earth Magic
  1481 | D:3      | Reached skill level 1 in Poison Magic
  1514 | D:3      | Reached XP level 5. HP: 7/37 MP: 2/12
  2038 | D:3      | Found a faded altar of an unknown god.
  2200 | D:3      | Reached XP level 6. HP: 44/44 MP: 8/13
  2223 | D:3      | Noticed Natasha
  2227 | D:3      | Killed Natasha
  2228 | D:3      | Noticed Natasha
  2235 | D:3      | Killed Natasha
  2474 | D:3      | Noticed Natasha
  2482 | D:3      | Killed Natasha
  2482 | D:3      | Reached skill level 5 in Dodging
  2518 | D:3      | Found a runed gate.
  2518 | D:3      | Found a runed gate.
  2518 | D:3      | Found a runed gate.
  2522 | D:3      | Noticed Azzok's ghost (amateur DsEE)
  3046 | D:4      | Noticed Sigmund
  3055 | D:4      | Killed Sigmund
  3055 | D:4      | Reached XP level 7. HP: 48/50 MP: 7/15
  3177 | D:4      | Found Wuuxt's Food Shop.
  3508 | D:4      | Found an iron altar of Okawaru.
  3762 | D:5      | Entered Level 5 of the Dungeon
  3777 | D:5      | Found a radiant altar of Vehumet.
  3846 | D:5      | Found a staircase to the Ecumenical Temple.
  3855 | Temple   | Entered the Ecumenical Temple
  4263 | D:5      | Reached skill level 5 in Stealth
  4447 | D:4      | Slain by a big kobold

Skill      XL: |  1  2  3  4  5  6  7 |
---------------+----------------------+-----
Spellcasting   | 5 |  5.7
Invocations    | 1 2 3 |  3.0
Fighting       | 1 2 |  2.7
Short Blades   | 1 2 |  2.7
Long Blades    | 1 2 |  2.7
Axes           | 1 2 |  2.7
Maces & Flails | 1 2 |  2.7
Polearms       | 1 2 |  2.7
Staves         | 1 2 |  2.7
Slings         | 1 2 |  2.7
Bows           | 1 2 |  2.7
Crossbows      | 1 2 |  2.7
Throwing       | 1 2 |  2.7
Armour         | 1 2 |  2.7
Shields        | 1 2 |  2.7
Unarmed Combat | 1 2 |  2.7
Evocations     | 1 2 |  2.7
Hexes          | 1 2 |  2.2
Charms         | 1 2 |  2.2
Summonings     | 1 2 |  2.2
Necromancy     | 1 2 |  2.2
Translocations | 1 2 |  2.2
Transmutations | 1 2 |  2.2
Fire Magic     | 1 2 |  2.2
Ice Magic      | 1 2 |  2.2
Air Magic      | 1 2 |  2.2
Earth Magic    | 1 2 |  2.2
Poison Magic   | 1 2 |  2.2
Dodging        | 5 |  5.4
Stealth        | 5 |  5.0
Conjurations   | |  7.5

Action                   |  1- 3 |  4- 6 |  7- 9 || total
-------------------------+-------+-------+-------++-------
Melee: Short sword       |    18 |    79 |       ||    97
       Dagger            |     1 |       |       ||     1
       Bite              |     3 |    11 |    17 ||    31
       Whip              |       |     2 |   157 ||   159
 Cast: Magic Dart        |    61 |   105 |    31 ||   197
       Iskenderun's Myst |       |       |     4 ||     4
  Use: Scroll            |       |     7 |     2 ||     9
 Stab: Sleeping          |     1 |     1 |     6 ||     8
  Eat: Chunk             |       |     2 |     3 ||     5
       Ration            |       |     2 |       ||     2
Armor: Robe              |     3 |       |       ||     3
       Leather armour    |       |    14 |    57 ||    71
Dodge: Dodged            |    13 |    30 |   105 ||   148
Block: Shield            |     6 |    41 |   131 ||   178
